 Dungeon Crawl Stone Soup version 0.29.1-15-g9cfb28693d (webtiles) character file.

Game seed: 10792598060768377530

18675 DemonSlayer the Thaumaturge (level 12, -7/81 HPs)
             Began as a Demonspawn Earth Elementalist on Feb 23, 2023.
             Was an Elder of Wu Jian.
             Mangled by an eight-headed hydra (11 damage)
             ... on level 2 of the Lair of Beasts.
             The game lasted 00:35:11 (13125 turns).

DemonSlayer the Thaumaturge (DsEE)                 Turns: 13125, Time: 00:35:12

Health: -7/81      AC: 20    Str: 15    XL:     12   Next: 29%
Magic:  24/26      EV: 10    Int: 27    God:    Wu Jian [****..]
Gold:   825        SH: 10    Dex: 14    Spells: 21/32 levels left

rFire   + . .      SeeInvis .   i - +3 dagger (flame)
rCold   . . .      Faith    .   p - +1 kite shield of Courage {rF+ Int+6}
rNeg    . . .      Spirit   .   M - +1 ring mail "Qixzupivei" {rCorr Str+4}
rPois   .          Reflect  .   E - +2 helmet
rElec   .          Harm     .   G - scarf {+Inv}
rCorr   +          Rampage  .   H - +0 pair of gloves
Will    .....                   (no boots)
Stlth   +++.......              f - amulet of regeneration
HPRegen 1.03/turn               l - ring of flight
MPRegen 0.20/turn               (no ring)

@: about to teleport, sanguine armoured, flying
A: hooves 2, ignite blood 1, sanguine armour 2, demonic magic 1, clever 1
a: Renounce Religion, Evoke Invisibility, Wall Jump, Serpent's Lash


You were on level 2 of the Lair of Beasts.
You worshipped Wu Jian.
Wu Jian was greatly pleased with you.
You visited 2 branches of the dungeon, and saw 12 of its levels.
You also visited: Bailey.

You collected 1223 gold pieces.
You spent 398 gold pieces at shops.

Inventory:

Hand Weapons
 i - a +3 dagger of flaming (weapon)
Missiles
 e - 7 throwing nets
 o - 3 silver boomerangs
 J - a curare-tipped dart
Armour
 h - the +0 chain mail of the Sea {Str+4 Stlth+}
   (You found it on level 1 of the Lair of Beasts)

   Str:       It affects your strength (+4).
   Stlth:     It makes you more stealthy.
 p - the +1 kite shield of Courage (worn) {rF+ Int+6}
   (You found it on level 6 of the Dungeon)

   Int:       It affects your intelligence (+6).
   rF:        It protects you from fire.
 E - a +2 helmet (worn)
 G - a scarf of invisibility (worn)
 H - a +0 pair of gloves (worn)
 M - the +1 ring mail "Qixzupivei" (worn) {rCorr Str+4}
   (You bought it in a shop on level 9 of the Dungeon)

   Str:       It affects your strength (+4).
   rCorr:     It protects you from acid and corrosion.
Jewellery
 f - an amulet of regeneration (around neck)
 l - a ring of flight (left hand)
Wands
 m - a wand of flame (66)
 I - a wand of roots (13)
 L - a wand of paralysis (7)
Scrolls
 a - 2 scrolls of identify
 k - 4 scrolls of silence
 q - 3 scrolls of butterflies
 r - 2 scrolls of vulnerability
 x - 2 scrolls of teleportation
 y - 2 scrolls of poison
 A - 2 scrolls of enchant armour
Potions
 b - 2 potions of magic
 c - 4 potions of brilliance {unknown}
 d - 4 potions of curing
 g - 4 potions of mutation
 j - 3 potions of flight
 n - 3 potions of lignification {unknown}
 s - 3 potions of heal wounds
 w - 2 potions of berserk rage {unknown}
 B - 4 potions of might {unknown}
 D - 2 potions of ambrosia {unknown}
 F - 2 potions of invisibility {unknown}
 N - a potion of cancellation {unknown}


   Skills:
 + Level 3.2 Fighting
 + Level 3.7 Short Blades
 + Level 3.7 Armour
 + Level 4.1 Dodging
 + Level 8.6 Stealth
 + Level 4.3 Shields
 + Level 10.9 Spellcasting
 + Level 0.8 Transmutations
 + Level 10.7 Earth Magic
 + Level 0.3 Evocations


You had 21 spell levels left.
You knew the following spells:

 Your Spells              Type           Power      Damage    Failure   Level
a - Sandblast             Erth           100%       2d20      1%          1
b - Stone Arrow           Conj/Erth      86%        3d12      7%          3
c - Petrify               Tmut/Erth      46%        N/A       21%         4
d - Passwall              Tmut/Erth      38%        N/A       3%          2
e - Slow                  Hex            56%        N/A       22%         1

Your spell library contained the following spells:

 Spells                   Type           Power      Damage    Failure   Level
 Beastly Appendage        Tmut           38%        N/A       16%         1
 Magic Dart               Conj           60%        1d6       22%         1
 Wereblood                Tmut           19%        N/A       22%         2
 Call Imp                 Summ           14%        N/A       32%         2
 Spider Form              Tmut/Pois      17%        N/A       47%         3
 Confusing Touch          Hex            14%        N/A       54%         3
 Mephitic Cloud           Conj/Pois/Air  14%        N/A       54%         3
 Vampiric Draining        Necr           14%        2d7       54%         3


Dungeon Overview and Level Annotations

Branches:
Dungeon (10/15)            Temple (0/1) D:5            Lair (2/5) D:10
    Orc (0/2) D:10         Bailey (visited)
  Swamp: Lair:2-3    Shoals: Lair:2-3     Snake: Lair:2-3    Spider: Lair:2-3

Altars:
Cheibriados
Gozag
Hepliaklqana
Kikubaaqudgha
Nemelex Xobeh
Qazlal
Ru
Sif Muna
Trog
Uskayaw
Wu Jian

Shops:
D:4 (   D:9 *   D:10 !(

Annotations:
Lair:1 billybob123456's ghost, novice MiMo


Innate Abilities, Weirdness & Mutations

You have hoof-like feet.
Your demonic aura sometimes causes spilled blood to erupt in flames.
When seriously injured, your blood forms thick armour. (AC +9)
Spells you cast may paralyse adjacent enemies.
Your mind is acute. (Int +4, Str/Dex -1)


Message History

You are too injured to fight recklessly!
As you read the scroll of teleportation, it crumbles to dust.
You feel strangely unstable.
The elephant is engulfed in blazing flames.
The elephant tramples you but does no damage.
The elephant trunk-slaps you.
Unknown command.
Casting: Sandblast (safe; 1% risk of failure)
Confirm with . or Enter, or press ? or * to list all spells.
Aiming: Sandblast (safe; 1% risk of failure)
Press: ? - help, Shift-Dir - straight line, f/p - eight-headed hydra
Aim: an eight-headed hydra (moderately wounded, 95% to hit)
The blast of sand hits the elephant.
The elephant is lightly wounded.
Malevolent energies surge around you.
The seven-headed hydra barely misses you.
You block the seven-headed hydra's attack.
The seven-headed hydra barely misses you.
The seven-headed hydra bites you!
The seven-headed hydra closely misses you.
The seven-headed hydra misses you. The seven-headed hydra bites you!
* * * LOW HITPOINT WARNING * * *
The elephant is engulfed in blazing flames.
The elephant barely misses you. You block the elephant's attack. x2
The elephant misses you. You block the elephant's attack.
The elephant barely misses you. The seven-headed hydra bites you.
* * * LOW HITPOINT WARNING * * *
The seven-headed hydra bites you but does no damage. x4
The seven-headed hydra bites you.
* * * LOW HITPOINT WARNING * * *
The seven-headed hydra bites you but does no damage.
The elephant is engulfed in blazing flames.
The elephant tramples you but does no damage.
The elephant closely misses you.
The eight-headed hydra bites you but does no damage.
The eight-headed hydra bites you.
* * * LOW HITPOINT WARNING * * *
The eight-headed hydra barely misses you.
The eight-headed hydra bites you!
You die...

###........#
#..........#
...........#
...........#
...........#
........†..#
...........##
.......DD†.P##
.......@Y<..P#
.......Y....##
###...Y.....#
#........P#
#........##
#........#
#........#
#........#


You could see an eight-headed hydra, a seven-headed hydra and 3 elephants.

Vanquished Creatures
  A hydra (Lair:1)
  Harold (Lair:1)
  A two-headed ogre (D:10)
  2 lindwurms (Lair:1)
  Pikel (D:7)
  A moth of wrath (D:7)
  A black mamba (Lair:1)
  Maurice (D:8)
  A cane toad (Lair:2)
  3 komodo dragons
  A troll (D:9)
  The ghost of fitz the Cleaver, an amateur HOFi (D:7)
  A hornet (D:9)
  Prince Ribbit (D:7)
  A polar bear (Lair:1)
  4 blink frogs (Lair:1)
  2 shadows (D:10)
  Sigmund (D:3)
  31 yaks
  3 steam dragons
  2 vampire mosquitoes (D:10)
  7 water moccasins
  2 orc warriors
  5 ice beasts
  An ogre (D:5)
  2 black bears
  5 wolves (Bailey)
  A centaur (D:8)
  3 phantoms
  2 kobold brigands (D:8)
  12 bullfrogs
  A necrophage (D:5)
  7 gnoll sergeants (Bailey)
  2 scorpions (D:4)
  14 killer bees
  4 howler monkeys (D:8)
  2 electric eels (D:10)
  3 jellies
  9 hounds
  3 orc priests
  8 gnoll boudas (Bailey)
  2 iguanas (D:6)
  Terence (D:3)
  5 orc wizards
  8 ogre zombies (D:10)
  Robin (D:3)
  18 gnolls
  6 adders
  2 shadow imps (D:6)
  2 white imps
  2 ufetubi (D:4)
  2 worms
  2 dart slugs
  25 orcs
  6 endoplasms
  5 giant cockroaches
  21 goblins
  14 hobgoblins
  16 kobolds
  6 quokkas
  7 ball pythons
  4 bats
  5 frilled lizards
  5 goblin zombies (D:10)
  3 hobgoblin skeletons (D:10)
  2 orc skeletons (D:10)
  14 orc zombies (D:10)
  6 rats
344 creatures vanquished.

Vanquished Creatures (others)
  A fungus (Lair:1)
  4 plants
5 creatures vanquished.

Grand Total: 349 creatures vanquished

Notes
Turn   | Place    | Note
-------+----------+-------------------------------------------
     0 | D:1      | DemonSlayer the Demonspawn Earth Elementalist began the
                  | quest for the Orb.
     0 | D:1      | Reached XP level 1. HP: 13/13 MP: 3/3
   349 | D:1      | Gained mutation: Spells you cast may paralyse adjacent
                  | enemies. [demonic ancestry]
   349 | D:1      | Reached XP level 2. HP: 19/19 MP: 1/5
  1215 | D:2      | Found a faded altar of an unknown god.
  1235 | D:2      | Reached XP level 3. HP: 24/24 MP: 2/6
  1443 | D:2      | Found a stormy altar of Qazlal.
  1680 | D:2      | Reached XP level 4. HP: 29/30 MP: 1/7
  1934 | D:3      | Learned a level 3 spell: Stone Arrow
  1939 | D:3      | Learned a level 4 spell: Petrify
  1976 | D:3      | Noticed Sigmund
  1987 | D:3      | Killed Sigmund
  1988 | D:3      | Gained mutation: You have large cloven feet. [demonic
                  | ancestry]
  1988 | D:3      | Reached XP level 5. HP: 13/35 MP: 0/10
  2330 | D:3      | Noticed Robin
  2357 | D:3      | Killed Robin
  2532 | D:3      | Gained mutation: When seriously injured, your blood forms
                  | armour. (AC +9) [demonic ancestry]
  2532 | D:3      | Reached XP level 6. HP: 41/41 MP: 9/11
  2780 | D:3      | Noticed a water moccasin
  2789 | D:3      | Killed a water moccasin
  2793 | D:3      | Reached skill level 1 in Short Blades
  2864 | D:3      | Noticed Terence
  2874 | D:3      | Killed Terence
  3085 | D:3      | Reached XP level 7. HP: 45/47 MP: 6/13
  3182 | D:3      | Learned a level 2 spell: Passwall
  3209 | D:4      | Reached skill level 5 in Earth Magic
  3270 | D:4      | Found a hazy altar of Hepliaklqana.
  3649 | D:4      | Found Kaucen's Weapon Shoppe.
  3655 | D:4      | Found an ornate altar of the Wu Jian Council.
  3767 | D:4      | Became a worshipper of the Wu Jian Council
  4102 | D:5      | Entered Level 5 of the Dungeon
  4233 | D:5      | Found a staircase to the Ecumenical Temple.
  4258 | D:5      | Reached skill level 5 in Spellcasting
  4258 | D:5      | Reached XP level 8. HP: 51/53 MP: 9/15
  4353 | D:5      | Reached skill level 5 in Stealth
  4612 | D:5      | Found a sacrificial altar of Ru.
  4614 | D:5      | Reached skill level 1 in Fighting
  5659 | D:6      | Identified the +1 kite shield of Courage {rF+ Int+6}
  5820 | D:6      | Found a snail-covered altar of Cheibriados.
  6074 | D:6      | Gained mutation: Your mind is acute. (Int +4, Str/Dex -1)
                  | [mutagenic glow]
  6075 | D:6      | Gained mutation: You have hoof-like feet. [demonic
                  | ancestry]
  6075 | D:6      | Reached XP level 9. HP: 45/59 MP: 3/18
  6170 | D:6      | Reached skill level 1 in Shields
  6207 | D:6      | Found an opulent altar of Gozag.
  6312 | D:6      | Found a sparkling altar of Nemelex Xobeh.
  6579 | D:7      | Noticed Prince Ribbit
  6585 | D:7      | Killed Prince Ribbit
  6609 | D:7      | Identified the +0 plate armour "Tythuv" {rElec Dex+2}
  6859 | D:7      | Noticed Pikel
  6868 | D:7      | Killed Pikel
  6930 | D:7      | Found a transporter.
  6968 | D:7      | Found a transporter.
  6969 | D:7      | Noticed fitz's ghost (amateur HOFi)
  7140 | D:7      | Noticed a moth of wrath
  7150 | D:7      | Killed a moth of wrath
  7157 | D:7      | Killed fitz's ghost
  7158 | D:7      | Reached XP level 10. HP: 17/67 MP: 12/22
  7602 | D:8      | Reached * piety under Wu Jian
  8259 | D:8      | Noticed Maurice
  8308 | D:8      | Killed Maurice
  8436 | D:8      | Learned a level 1 spell: Slow
  8598 | D:9      | Found Iserib's Assorted Antiques.
  8604 | D:9      | Bought a scroll labelled PYS ISIPUGESI for 26 gold pieces
  8604 | D:9      | Bought a scroll labelled PYS ISIPUGESI for 26 gold pieces
  8604 | D:9      | Bought a brightly glowing ring mail for 234 gold pieces
  8604 | D:9      | Identified the +1 ring mail "Qixzupivei" {rCorr Str+4} (You
                  | bought it in a shop on level 9 of the Dungeon)
  8647 | D:9      | Found an ancient bone altar of Kikubaaqudgha.
  8771 | D:9      | Reached ** piety under Wu Jian
  8857 | D:9      | Reached skill level 1 in Armour
  9450 | D:10     | Entered Level 10 of the Dungeon
  9481 | D:10     | Found Kiroelal's Weapon Emporium.
  9494 | D:10     | Gained mutation: When seriously injured, your blood forms
                  | thick armour. (AC +9) [demonic ancestry]
  9494 | D:10     | Reached XP level 11. HP: 73/73 MP: 20/24
  9510 | D:10     | Found a flagged portal.
  9524 | Bailey   | Entered a bailey
 10175 | Bailey   | Reached *** piety under Wu Jian
 10641 | Bailey   | Identified the +0 robe of Enormous Fun {Int+2}
 10796 | D:10     | Found a bloodstained altar of Trog.
 10797 | D:10     | Found a hide-covered altar of Uskayaw.
 10908 | D:10     | Found a shimmering blue altar of Sif Muna.
 10926 | D:10     | Reached skill level 10 in Spellcasting
 11026 | D:10     | Found Wenyka's Distillery.
 11049 | D:10     | Bought a potion of magic for 112 gold pieces
 11052 | D:10     | Noticed a two-headed ogre
 11054 | D:10     | Killed a two-headed ogre
 11088 | D:10     | Found a staircase to the Lair.
 11133 | D:10     | Found a staircase to the Orcish Mines.
 11145 | D:10     | Reached **** piety under Wu Jian
 11220 | D:10     | Reached skill level 10 in Earth Magic
 11501 | Lair:1   | Entered Level 1 of the Lair of Beasts
 11545 | Lair:1   | Noticed billybob123456's ghost (novice MiMo)
 11546 | Lair:1   | Found a runed translucent gate.
 11546 | Lair:1   | Found a runed translucent gate.
 11547 | Lair:1   | Found a runed translucent gate.
 11558 | Lair:1   | Noticed a five-headed hydra
 11566 | Lair:1   | Killed a five-headed hydra
 11719 | Lair:1   | Noticed Harold
 11729 | Lair:1   | Killed Harold
 11958 | Lair:1   | Gained mutation: Your demonic aura sometimes causes spilled
                  | blood to erupt in flames. [demonic ancestry]
 11958 | Lair:1   | Reached XP level 12. HP: 81/81 MP: 21/26
 11995 | Lair:1   | Identified the +0 chain mail of the Sea {Str+4 Stlth+}
 13029 | Lair:2   | Noticed an eight-headed hydra
 13121 | Lair:2   | Noticed a seven-headed hydra
 13125 | Lair:2   | HP: 4/81 [eight-headed hydra (5)]
 13125 | Lair:2   | Mangled by an eight-headed hydra

Illustrated notes

Levels and vault maps discovered:
D:1:      psy_arrival_fountain, layout_loops_corners
D:2:      layout_rooms, basic_altar, ebering_ecumenical_altar_ruins,
          minmay_misc_feat_iff
D:3:      layout_basic, minmay_divided_ellipse, uniq_terence, uniq_robin,
          uniq_sigmund
D:4:      layout_basic, nicolae_hepliaklqana_hazy_memory, kennysheep_mini,
          serial_shops, shop, grunt_decor_junction, st_stairs_5
D:5:      layout_basic, mainiacjoe_overflow_alcove_4, minmay_temple_entry_grid,
          serial_bayou_pond_d
D:6:      minmay_spotlight, layout_basic, grunt_gozag_breadcrumbs,
          mainiacjoe_overflow_tiny_flanked, lemuel_tele_altar
D:7:      layout_rooms, gammafunk_ghost_berserking_beasts, minmay_hedge_maze,
          uniq_pikel, uniq_prince_ribbit1
D:8:      layout_loops_cross, marbit_many_paths, serial_glass, glass_columns_c,
          glass_columns_b, glass_columns_a, glass_columns_b, glass_columns_a,
          uniq_maurice
D:9:      layout_small_grid, mainiacjoe_overflow_surrounded_room,
          overflow_temple_1_default, serial_shops, shop
D:10:     layout_basic, mainiacjoe_overflow_brackets,
          gammafunk_temple_overflow_pools, dpeg_oklobed_lair, zombieorc2_lemuel,
          serial_shops, shop, enter_bailey_4, nicolae_stop_n_shop_2
Lair:1:   layout_cave_pods, ebering_ghost_rock_garden, minivault_25,
          nicolae_lair_lindhole, grunt_megastairs_4,
          infiniplex_staircase_pool_2, uniq_harold
Lair:2:   layout_big_grid, gammafunk_ghost_split

Skill      XL: |  1  2  3  4  5  6  7  8  9 10 11 12 |
---------------+-------------------------------------+-----
Earth Magic    | 3 4 5 6 8 9 10 | 10.7
Stealth        | 2 3 4 5 6 7 8 |  8.6
Spellcasting   | 3 4 5 6 8 9 10 | 10.9
Dodging        | 2 3 4 |  4.1
Short Blades   | 1 2 3 |  3.7
Fighting       | 1 2 3 |  3.2
Shields        | 1 2 3 4 |  4.3
Armour         | 1 3 |  3.7
Transmutations | |  0.8
Evocations     | |  0.3

Action                   |  1- 3 |  4- 6 |  7- 9 | 10-12 || total
-------------------------+-------+-------+-------+-------++-------
Melee: Dagger            |    27 |    24 |    72 |   145 ||   268
       Kick              |       |     6 |    14 |    37 ||    57
 Cast: Sandblast         |    48 |    60 |   124 |   280 ||   512
       Stone Arrow       |       |       |       |     3 ||     3
Invok: Lunge             |       |       |     6 |    24 ||    30
       Whirlwind         |       |       |       |     2 ||     2
Evoke: Wand              |       |       |       |     6 ||     6
  Use: Scroll            |     2 |     3 |     6 |    10 ||    21
       Potion            |       |       |     1 |     1 ||     2
 Stab: Sleeping          |     4 |     1 |     9 |     4 ||    18
       Paralysed         |     8 |    12 |    23 |    61 ||   104
       Distracted        |       |       |       |     1 ||     1
Armor: Robe              |     8 |     8 |    28 |     7 ||    51
       Chain mail        |       |       |    26 |    16 ||    42
       Ring mail         |       |       |       |    97 ||    97
Dodge: Dodged            |    20 |    29 |    82 |   152 ||   283
Block: Buckler           |       |       |    13 |       ||    13
       Kite shield       |       |       |    32 |   186 ||   218
